General information
- name: Local Game (evil_pengoon)
- type: Ladder 1vs1/FFA
- host: evil_pengoon
- saver: evil_pengoon
map: TwistedMeadows
- players: 3
- length: 11:04
- speed: Fast
- version: 1.21 W3XP
- replay type: Public
» download(74 KB)
Players
team 1 (winner)

»
evil_pengoon (
brown | 88 APM | 974 actions | 11:04)
4 Archmage
2 Summon Water Elemental
2 Brilliance Aura
3 Beastmaster
2 Summon Quilbeast
1 Summon Bear
» actions
| Assign group hotkey | 13 | |
| Basic commands | 107 | |
| Build / train | 35 | |
| Enter build submenu | 15 | |
| Enter hero's abilities submenu | 7 | |
| Right click | 479 | |
| Select / deselect | 179 | |
| Select group hotkey | 109 | |
| Use ability | 30 | |
974 total
» units
| Peasant | 9 | |
| Footman | 6 | |
| Rifleman | 5 | |
20 total
» upgrades
» buildings
| Altar of Kings | 1 | |
| Farm | 7 | |
| Barracks | 2 | |
| Lumber Mill | 1 | |
| Blacksmith | 1 | |
| Scout Tower | 1 | |
| Arcane Vault | 1 | |
| Guard Tower | 1 | |
| Keep | 1 | |
| Castle | 1 | |
17 total
» build order
00:06 Altar of Kings
00:10 Farm
00:27 Barracks
00:52 Farm
01:23 Lumber Mill
02:28 Farm
02:32 Farm
03:04 Blacksmith
03:27 Barracks
03:34 Scout Tower
03:59 Arcane Vault
04:03 Guard Tower
05:27 Keep
05:30 Farm
05:33 Farm
08:01 Farm
10:28 Castle
team 2 (loser)

»
apy (
blue | 144 APM | 1593 actions | 11:03)
3 Blood Mage
1 Banish
1 Siphon Mana
1 Flame Strike
1 Archmage
1 Summon Water Elemental
» actions
| Assign group hotkey | 99 | |
| Basic commands | 46 | |
| Build / train | 56 | |
| ESC pressed | 5 | |
| Enter build submenu | 18 | |
| Enter hero's abilities submenu | 4 | |
| Right click | 740 | |
| Select / deselect | 369 | |
| Select group hotkey | 206 | |
| Use ability | 49 | |
1593 total
» units
| Peasant | 21 | |
| Footman | 18 | |
| Sorceress | 1 | |
| Priest | 1 | |
41 total
» upgrades
» buildings
| Barracks | 1 | |
| Altar of Kings | 1 | |
| Farm | 6 | |
| Scout Tower | 4 | |
| Arcane Tower | 2 | |
| Keep | 1 | |
| Lumber Mill | 1 | |
| Arcane Vault | 2 | |
| Guard Tower | 2 | |
| Arcane Sanctum | 1 | |
21 total
» build order
00:11 Barracks
00:22 Altar of Kings
00:27 Farm
01:05 Farm
01:58 Farm
01:59 Farm
02:46 Scout Tower
03:14 Farm
03:42 Arcane Tower
03:43 Arcane Tower
03:54 Keep
04:14 Lumber Mill
05:18 Arcane Vault
05:23 Guard Tower
06:50 Scout Tower
06:50 Scout Tower
07:25 Guard Tower
07:53 Farm
07:55 Arcane Sanctum
10:04 Scout Tower
10:23 Arcane Vault
» items
refereesgreedoFthenoob Chat log
(00:07 / All) apy: good lag
(00:11 / All) greedoFthenoob: rsjr
(00:13 / All) greedoFthenoob: how do you feel
(00:14 / All) apy: wut
(00:16 / All) greedoFthenoob: now that you're like
(00:23 / All) greedoFthenoob: the standard bnet forums loser
(00:29 / All) greedoFthenoob: losing streak posted etc
(00:37 / All) greedoFthenoob: was this (R) vs (R) i was afk
(00:39 / All) evil_pengoon: have you saved all these replays
(00:39 / All) apy: testing out this sick bo
(00:42 / All) evil_pengoon: of rsjr losing
(00:43 / All) apy: no
(00:46 / All) apy: i haven't
(00:46 / All) greedoFthenoob: i have
(00:48 / All) apy: even my wins...
(00:50 / All) greedoFthenoob: he raped me
(00:51 / All) greedoFthenoob: hard
(00:57 / All) greedoFthenoob: with (R --> UD)
(01:05 / All) greedoFthenoob: i outmicro him but he use imbalance strategies
(01:21 / All) greedoFthenoob: no one will watch these replays anyway
(01:25 / All) greedoFthenoob: due to the faggotry of the maps
(01:32 / All) apy: oh you're right
(01:33 / All) greedoFthenoob: was this (R) vs (R)
(01:39 / All) apy: yeah
(01:45 / All) evil_pengoon: yeah
(01:46 / All) greedoFthenoob: hey
(01:52 / All) greedoFthenoob: I figured out why pro gamers ping the map
(01:54 / All) greedoFthenoob: in 1v1
(01:56 / All) greedoFthenoob: do you know?
(02:00 / All) greedoFthenoob: i bet you cant work it out
(02:06 / All) evil_pengoon: holding alt
(02:10 / All) greedoFthenoob: see
(02:11 / All) evil_pengoon: and pressing g by accident
(02:14 / All) greedoFthenoob: that is a good initial hypothesis
(02:31 / All) greedoFthenoob: but why would you be anywhere near the G button while holding alt
(02:41 / All) greedoFthenoob: hold position maybe but i dunno
(02:45 / All) evil_pengoon: idk i use my mouse
(02:51 / All) apy: wtf
(02:52 / All) greedoFthenoob: lmao
(02:56 / All) greedoFthenoob: you got beaten by a mouse user
(02:58 / All) greedoFthenoob: that's sad
(03:13 / All) greedoFthenoob: anyway my hteory is that
(03:18 / All) greedoFthenoob: when you ping a spot on the map
(03:23 / All) greedoFthenoob: if you press space you go straight there
(04:31 / All) greedoFthenoob: lol?
(04:47 / All) greedoFthenoob: elite
(10:57 / All) apy: wow
(11:00 / All) apy: such a hacker
(11:02 / All) greedoFthenoob: goon game